 Dungeon Crawl Stone Soup version 0.15.2 (webtiles) character file.

319242 StormDelay the Axe Maniac (level 21, -8/208 (209) HPs)
             Began as a Hill Orc Fighter on Jan 14, 2015.
             Was the Champion of Okawaru.
             Killed from afar by a frost giant (46 damage)
             ... with a bolt of cold
             ... on Level 3 of the Vaults on Jan 20, 2015.
             The game lasted 05:43:22 (58501 turns).

StormDelay the Axe Maniac (Hill Orc Fighter)       Turns: 58501, Time: 05:43:22

HP  -8/208 (209) AC 46     Str 36      XL: 21   Next: 83%
MP  28/28        EV  9     Int  7 (8)  God: Okawaru [******]
Gold 4624        SH  0     Dex 14      Spells:  0 memorised, 20 levels left

rFire  + + +     SeeInvis +     z - +5 executioner's axe of Xoerph {flame, rF++}
rCold  . . .     Clarity  .     M - +14 plate armour "Ynnoneiw" {+Inv rPois}
rNeg   + . .     rCorr    .     (no shield)
rPois  +         rRot     .     A - +2 helmet {SInv}
rElec  .         Spirit   .     q - +2 cloak {rPois}
SustAb +         Warding  +     U - +0 pair of gloves {Str+3}
rMut   .         Stasis   .     P - +0 pair of boots of Fidan {rF+ Dex+2}
Gourm  .                        E - macabre finger necklace {Ward rN+}
MR     ++...                    o - +4 ring of strength
                                p - ring of sustain abilities
                                b - ring of protection from magic

@: very resistant to hostile enchantments, extremely unstealthy
A: agile 1
a: Heroism, Finesse, Renounce Religion, Evoke Invisibility
}: 1/15 runes: gossamer


You were on level 3 of the Vaults.
You worshipped Okawaru.
Okawaru was exalted by your worship.
You were hungry.

You visited 8 branches of the dungeon, and saw 41 of its levels.
You also visited: Labyrinth, Sewer and Bailey.

You collected 5513 gold pieces.
You spent 889 gold pieces at shops.

Inventory:

Hand weapons
 j - a +4 vampiric executioner's axe
 z - the +5 executioner's axe of Xoerph (weapon) {flame, rF++}
   (Okawaru gifted it to you on level 3 of the Vaults)

   It emits flame when wielded, causing extra injury to most foes and up to
   double damage against particularly susceptible opponents.
   Big, fiery blades are also staple armaments of hydra-hunters.
   It greatly protects you from fire.
Armour
 q - a +2 cloak of poison resistance (worn)
 A - a +2 helmet of see invisible (worn)
 M - the +14 plate armour "Ynnoneiw" (worn) {+Inv rPois}
   (You found it on level 4 of the Dungeon)

   It protects you from poison.
   It lets you turn invisible.
 P - the +0 pair of boots of Fidan (worn) {rF+ Dex+2}
   (You found it on level 3 of the Elven Halls)

   It affects your dexterity (+2).
   It protects you from fire.
 U - a +0 pair of gloves of strength (worn)
Magical devices
 i - a wand of teleportation (1)
 k - a wand of digging (23)
 m - a wand of teleportation (4)
 u - a wand of lightning (1)
 v - a wand of fireball (4)
 y - a wand of fire (3)
 H - a wand of disintegration (16)
 L - a wand of fire (5)
Comestibles
 c - 8 royal jellies
 d - 20 meat rations
 h - 21 bread rations
 l - 62 fruits
Scrolls
 a - 12 scrolls of teleportation
 r - 3 scrolls of enchant weapon
 t - 3 scrolls of recharging
 B - 2 scrolls of identify
 F - a scroll of brand weapon
 J - 2 scrolls of fear
 K - a scroll of blinking
 Q - 3 scrolls of magic mapping
 R - 6 scrolls of fog
 S - 17 scrolls of remove curse
 Z - a scroll of enchant armour
Jewellery
 b - a ring of protection from magic (on amulet)
 o - a +4 ring of strength (right hand)
 p - a ring of sustain abilities (left hand)
 s - an uncursed ring of protection from cold
 w - an uncursed ring of protection from fire
 E - the macabre finger necklace (around neck) {Ward rN+}
   (You found it on level 5 of the Lair of Beasts)

   [amulet of warding]

   It may prevent the melee attacks of summoned creatures.
   It protects you from negative energy.
 V - an uncursed ring of flight
 W - an uncursed ring of teleport control
 Y - an uncursed amulet of clarity
Potions
 e - 3 potions of might
 f - 3 potions of heal wounds
 g - 5 potions of agility
 n - 2 potions of cure mutation
 x - 21 potions of curing
 C - 3 potions of resistance
 D - 7 potions of flight
 I - 5 potions of cancellation
 O - 6 potions of restore abilities
 T - 3 potions of haste
 X - 3 potions of berserk rage


   Skills:
 + Level 22.4 Fighting
 O Level 27 Axes
 - Level 22.7 Armour
   Level 3.4 Shields
 - Level 5.7 Invocations


You had 20 spell levels left.
You didn't know any spells.

Dungeon Overview and Level Annotations

Branches:
Dungeon (15/15)            Temple (1/1) D:4             Orc (4/4) D:9
    Elf (3/3) Orc:4          Lair (8/8) D:9          Shoals (0/5) Lair:4
 Spider (5/5) Lair:5        Slime (0/6) Lair:8       Vaults (3/5) D:13
 Depths (2/5) D:15
  Crypt: Vaults:2-3

Altars:
Ashenzari
Cheibriados
Dithmenos
Elyvilon
Fedhas
Kikubaaqudgha
Makhleb
Nemelex Xobeh
Okawaru
Qazlal
Sif Muna
Trog
Vehumet
Xom
Yredelemnul
Zin
The Shining One
Beogh
Jiyva

Shops:
D:8 [![*[   D:10 *   Orc:2 *   Orc:3 (   Orc:4 :(*[   Elf:2 [   Elf:3 !

Portals:
Hell: Depths:1 Depths:2
Abyss: Depths:1
Pandemonium: Depths:2

Annotations:
Lair:7 Erica


Innate Abilities, Weirdness & Mutations

You are agile. (Dex +2)


Message History

You slash the tengu reaver! You burn the tengu reaver.
You kill the tengu reaver!
Okawaru accepts your kill.
The battlesphere dissipates.
The vault guard hits you from afar with a bardiche of flaming.
The frost giant gestures at you while chanting.
The bolt of cold hits you!
* * * LOW HITPOINT WARNING * * *
Drink which item? (? for menu, Esc to quit)
You feel much better.
The stone giant throws a large rock.
The large rock hits you!!
* * * LOW HITPOINT WARNING * * *
The frost giant gestures at you while chanting.
The bolt of cold hits you!
* * * LOW HITPOINT WARNING * * *
The vault guard barely misses you.
The stone giant hits you but does no damage.
The frost giant gestures at you while chanting.
The bolt of cold hits you!
You die...

...#....'........'...
....#....#........#)).
....#....#........#)[.
....#....##########..<
####....#........'...
#....'........#...
#+#######'######## #(#
#.).......# #@#
#.)(......#


#pCC# #.))(.....# #...# #.........# /###. #.........# #. .# #.........# .. ..
#.........# #. .# #.........# .# ## #.........# #.........# You could see a
frost giant, a stone giant and a vault guard.

Vanquished Creatures
  Norris (Vaults:3)
  Frederick (Vaults:3)
  Arachne (Spider:2)
  A tentacled monstrosity (Depths:2)
  A titan (Depths:1)
  2 deep elf blademasters (Elf:3)
  2 deep elf master archers (Elf:3)
  A tengu reaver (Vaults:3)
  Rupert (Spider:4)
  Kirke (Spider:2)
  5 frost giants
  6 ghost moths
  Maud (Lair:5)
  6 deep elf sorcerers
  Aizul (Elf:1)
  Louise (Spider:4)
  11 emperor scorpions
  7 vault wardens
  6 stone giants
  Jorgrun (Spider:4)
  An orc warlord (Orc:4)
  8 deep elf demonologists
  5 very ugly things
  Azrael (Elf:1)
  9 deep elf annihilators
  5 dire elephants
  Snorg (Spider:2)
  3 deep elf high priests
  11 vault guards
  7 deep elf death magi (Elf:3)
  A green death (Elf:3)
  2 ettins
  9 ogre magi
  5 yaktaur captains
  3 minotaurs
  2 great orbs of eyes
  7 ironheart preservers
  3 fire dragons
  3 spriggan air magi (Depths:2)
  Fannar (Lair:2)
  10 hydras
  Harold (Orc:3)
  2 rakshasas (Vaults:2)
  2 ice dragons (Depths:1)
  Nessos (D:14)
  An anaconda (Lair:8)
  4 deep troll shamans
  7 deep troll earth magi
  10 death yaks
  9 centaur warriors
  The ghost of DaftWullie the Slicer, a powerful KoBe of Trog (D:10)
  A tengu warrior (D:14)
  7 orc high priests
  3 spriggan berserkers (Depths:2)
  2 spriggans (Depths:2)
  A shadow wraith (Vaults:2)
  A catoblepas (Lair:4)
  3 iron trolls (Depths:1)
  An ice devil (Orc:4)
  7 deep elf knights
  12 orb spiders
  5 skeletal warriors (Vaults:2)
  4 wizards
  2 shadow demons (Elf:2)
  14 deep trolls
  3 unseen horrors (D:15)
  A death drake (shapeshifter) (Elf:1)
  14 deep elf summoners
  A spriggan druid (Elf:1)
  3 harpies (Vaults:1)
  A lindwurm (Lair:1)
  12 hill giants
  9 orc knights
  10 deep elf conjurers
  3 necromancers
  12 ironbrand convokers
  7 orc sorcerers
  A sphinx zombie (Vaults:2)
  A phantasmal warrior (Vaults:3)
  9 griffons
  6 cyclopes
  43 wolf spiders
  9 red wasps
  39 ugly things
  A draconian (shapeshifter) (Depths:2)
  A salamander (shapeshifter) (Vaults:1)
  11 elephants
  A hell beast (Elf:3)
  A stone giant zombie (Vaults:2)
  A manticore (D:15)
  2 guardian serpents (shapeshifter)
  9 vault sentinels
  11 spiny frogs
  Joseph (D:8)
  3 gargoyles
  An item mimic (Elf:2)
  7 black mambas
  4 torpor snails
  Psyche (Orc:2)
  A feature mimic (Lair:1)
  An iron devil (Elf:3)
  An efreet (D:15)
  2 komodo dragons (shapeshifter)
  12 demonic crawlers
  5 kobold demonologists
  9 komodo dragons
  An elf (shapeshifter) (Vaults:2)
  17 yaktaurs
  6 deep elf priests
  Grinder (D:6)
  34 jumping spiders
  16 two-headed ogres
  A blue devil (Elf:2)
  4 tengu conjurers
  A polar bear (shapeshifter) (Vaults:3)
  27 slime creatures
  A hydra skeleton (D:14)
  6 trolls
  5 ravens
  5 boulder beetles
  25 deep elf magi
  3 blink frogs (Lair:8)
  22 trapdoor spiders
  28 tarantellas
  A basilisk (shapeshifter) (Depths:2)
  2 basilisks (Lair:6)
  40 redbacks
  A vampire (Vaults:3)
  2 shadows
  A trapdoor spider (shapeshifter) (D:13)
  3 wyverns
  5 hogs (Spider:2)
  2 wraiths
  A hill giant zombie (D:13)
  Eustachio (D:8)
  14 hippogriffs
  70 yaks
  A yaktaur simulacrum (Vaults:1)
  A neqoxec (Elf:1)
  3 fire elementals (Elf:1)
  23 deep elf fighters
  13 wolves
  7 wargs
  3 mottled dragons
  2 hill giant skeletons (D:12)
  11 vampire mosquitoes
  17 water moccasins
  2 sky beasts
  56 orc warriors
  A swamp drake (Orc:1)
  2 hell hounds (Elf:1)
  26 spiders
  13 porcupines
  2 ogre skeletons
  3 ice beasts
  2 phantoms
  A yellow wasp (shapeshifter) (Vaults:3)
  2 boggarts (Elf:2)
  36 ogres
  A black bear (D:7)
  An ettin simulacrum (Vaults:3)
  9 yellow wasps
  36 centaurs
  The ghost of Tarquin the Cutter, an average HuWn (D:4)
  2 boring beetles (Lair:7)
  5 big kobolds
  24 crocodiles
  7 brain worms
  2 human skeletons (Vaults:2)
  A fire crab zombie (D:14)
  A crocodile (shapeshifter) (Depths:1)
  A lost soul (Elf:3)
  Blork the orc (Orc:1)
  A brain worm (shapeshifter) (Vaults:2)
  18 giant frogs
  A gnoll sergeant (Orc:4)
  A boulder beetle zombie (D:15)
  3 eyes of draining
  8 killer bees
  4 scorpions
  A goliath beetle (D:8)
  5 electric eels
  A giant frog zombie (D:8)
  14 crimson imps
  9 hounds
  A basilisk zombie (D:12)
  2 centaur zombies
  2 jellies
  A kobold zombie (D:13)
  46 orc priests
  A black bear zombie (D:9)
  A centaur skeleton (D:10)
  2 quasits
  A hound (shapeshifter) (Elf:3)
  19 orange rats
  52 orc wizards
  2 iron imps
  10 worker ants
  6 iguanas
  A boulder beetle simulacrum (Vaults:1)
  10 sheep
  A mottled dragon zombie (D:15)
  2 mummies
  27 adders
  14 gnolls
  84 green rats
  4 giant mites
  An inept feature mimic (D:4)
  2 shadow imps
  4 worms
  7 ufetubi (Elf:2)
  An adder zombie (D:9)
  An iguana skeleton (D:7)
  8 orc zombies
  3 adder skeletons
  8 giant geckos
  An ooze (Sewer)
  250 orcs
  23 bats
  5 giant cockroaches
  26 goblins
  21 hobgoblins
  11 jackals
  9 quokkas
  3 ball pythons
  A giant gecko skeleton (D:4)
  9 giant newts
  3 giant spores
  64 kobolds
  3 orc skeletons
  37 rats
  8 ballistomycetes
  8 fungi
  8 plants
2070 creatures vanquished.

Vanquished Creatures (others)
  A deep elf high priest (Elf:3)
  A centaur (Vaults:3)
  5 lost souls (Elf:3)
  2 orc wizards
  A shadow imp (Orc:1)
  A white imp (Orc:1)
  4 orcs (Orc:1)
  A giant spore (D:13)
  3 fungi
  5 plants
24 creatures vanquished.

Grand Total: 2094 creatures vanquished

Notes
Turn   | Place    | Note
--------------------------------------------------------------
     0 | D:1      | StormDelay, the Hill Orc Fighter, began the quest for the Orb.
     0 | D:1      | Reached XP level 1. HP: 19/19 MP: 1/1
   131 | D:1      | Reached XP level 2. HP: 22/27 MP: 2/2
   948 | D:2      | Reached skill level 4 in Axes
  1094 | D:2      | Reached XP level 3. HP: 33/33 MP: 3/3
  1276 | D:2      | Found a deep blue altar of Sif Muna.
  1460 | D:2      | Found a basalt altar of Yredelemnul.
  1470 | D:2      | Found a shattered altar of Ashenzari.
  1723 | D:2      | Reached skill level 5 in Axes
  1927 | D:3      | Reached XP level 4. HP: 37/40 MP: 4/4
  1936 | D:3      | Noticed a moth of wrath
  2085 | D:3      | Reached skill level 6 in Axes
  2091 | D:3      | Found a glowing drain.
  2106 | Sewer    | Entered a sewer
  2188 | Sewer    | Reached XP level 5. HP: 46/46 MP: 5/5
  2382 | Sewer    | Reached skill level 7 in Axes
  2842 | D:3      | Reached XP level 6. HP: 52/52 MP: 6/6
  2861 | D:3      | Reached skill level 8 in Axes
  2914 | D:3      | Found a sparkling altar of Nemelex Xobeh.
  2987 | D:3      | Found a white marble altar of Elyvilon.
  3141 | D:3      | Found a bloodstained altar of Trog.
  3732 | D:4      | Noticed Tarquin's ghost (average HuWn)
  3748 | D:4      | Killed Tarquin's ghost
  3855 | D:4      | Found a staircase to the Ecumenical Temple.
  3862 | Temple   | Entered the Ecumenical Temple
  3890 | Temple   | Became a worshipper of Warmaster Okawaru
  3991 | D:4      | Reached XP level 7. HP: 58/60 MP: 7/7
  4235 | D:4      | Reached skill level 5 in Fighting
  4245 | D:4      | Got a polished plate armour
  4287 | D:3      | Identified the +14 plate armour "Ynnoneiw" {+Inv rPois} (You found it on level 4 of the Dungeon)
  4854 | D:5      | Entered Level 5 of the Dungeon
  4868 | D:5      | Reached skill level 9 in Axes
  4991 | D:5      | Acquired Okawaru's first power
  5440 | D:5      | Reached XP level 8. HP: 66/71 MP: 8/8
  5637 | D:5      | Reached skill level 5 in Armour
  6039 | D:5      | Found an ancient bone altar of Kikubaaqudgha.
  6310 | D:6      | Noticed Grinder
  6325 | D:6      | Paralysed by Grinder for 7 turns
  6342 | D:6      | Killed Grinder
  6342 | D:6      | Reached skill level 10 in Axes
  6693 | D:6      | Found a sparkling altar of Nemelex Xobeh.
  6695 | D:6      | Noticed a deep elf mage
  6724 | D:6      | Killed a deep elf mage
  6803 | D:6      | Found a glowing silver altar of Zin.
  6923 | D:6      | Found a stormy altar of Qazlal.
  7174 | D:7      | Reached XP level 9. HP: 78/82 MP: 9/9
  7225 | D:7      | Reached skill level 11 in Axes
  7824 | D:8      | Found Lug Equq's Distillery.
  7845 | D:8      | Bought a potion of confusion for 14 gold pieces
  7845 | D:8      | Bought a potion of curing for 28 gold pieces
  7845 | D:8      | Bought a potion of poison for 14 gold pieces
  7845 | D:8      | Bought a potion of restore abilities for 42 gold pieces
  7845 | D:8      | Bought a potion of agility for 35 gold pieces
  7967 | D:8      | Reached skill level 10 in Fighting
  7988 | D:8      | Found Faq Tiaqo's Armour Shoppe.
  8010 | D:8      | Reached skill level 12 in Axes
  8081 | D:8      | Found Smoroahoe's Antique Armour Shop.
  8095 | D:8      | Found Ettoon's General Store.
  8256 | D:8      | Found Stymmaho's Armour Shop.
  8256 | D:8      | Noticed Eustachio
  8307 | D:8      | Killed Eustachio
  8384 | D:8      | Noticed Joseph
  8406 | D:8      | Killed Joseph
  8406 | D:8      | Reached XP level 10. HP: 88/93 MP: 10/10
  8544 | D:8      | Reached skill level 13 in Axes
  8822 | D:9      | Found a glowing golden altar of the Shining One.
  9356 | D:9      | Found a staircase to the Lair.
  9373 | D:9      | Found a staircase to the Orcish Mines.
  9532 | D:9      | Found a roughly hewn altar of Beogh.
  9689 | Lair:1   | Entered Level 1 of the Lair of Beasts
  9756 | Lair:1   | Reached skill level 14 in Axes
  9980 | Lair:1   | Acquired Okawaru's second power
 10008 | Lair:1   | Received a gift from Okawaru
 10096 | Lair:1   | Reached XP level 11. HP: 99/99 MP: 11/11
 10161 | Lair:1   | Noticed a lindwurm
 10161 | Lair:1   | Found a dark tunnel.
 10175 | Lair:1   | Killed a lindwurm
 10175 | Lair:1   | Reached skill level 15 in Axes
 10175 | Lair:1   | Reached skill level 10 in Armour
 10408 | Lair:1   | Noticed a black mamba
 10423 | Lair:1   | Killed a black mamba
 10860 | Lair:2   | Noticed Fannar
 11064 | Lair:2   | Received a gift from Okawaru
 11152 | Lair:2   | Reached skill level 16 in Axes
 11153 | Lair:2   | Noticed a five-headed hydra
 11266 | Lair:2   | Killed Fannar
 11542 | Lair:3   | Reached XP level 12. HP: 101/111 MP: 10/12
 11899 | Lair:3   | Reached skill level 17 in Axes
 12418 | Lair:4   | Found a staircase to the Shoals.
 12566 | Lair:4   | Received a gift from Okawaru
 13102 | Lair:4   | Found a bloodstained altar of Trog.
 13185 | Lair:4   | Received a gift from Okawaru
 13765 | Lair:4   | Reached skill level 18 in Axes
 14137 | Lair:5   | Noticed an eight-headed hydra
 14190 | Lair:5   | Noticed a death yak
 14217 | Lair:5   | Noticed a death yak
 14218 | Lair:5   | Noticed a death yak
 14240 | Lair:4   | Killed a death yak
 14240 | Lair:4   | Reached XP level 13. HP: 92/124 MP: 13/13
 14403 | Lair:4   | Killed a death yak
 14499 | Lair:5   | Killed a death yak
 14933 | Lair:5   | Reached skill level 1 in Invocations
 15228 | Lair:5   | Reached skill level 5 in Invocations
 15627 | Lair:5   | Noticed Maud
 15643 | Lair:5   | Killed Maud
 15645 | Lair:5   | Received a gift from Okawaru
 15716 | Lair:5   | Reached skill level 19 in Axes
 15730 | Lair:5   | Found a hole to the Spider Nest.
 15930 | Orc:1    | Entered Level 1 of the Orcish Mines
 15931 | Orc:1    | Noticed Blork the orc
 16257 | Orc:1    | Found a glowing golden altar of the Shining One.
 16637 | Orc:1    | Reached skill level 15 in Fighting
 17002 | Orc:1    | Killed Blork the orc
 17552 | Orc:2    | Noticed Psyche
 17754 | Orc:2    | Killed Psyche
 18009 | Orc:3    | Found Sinanuec's Weapon Shop.
 18096 | Orc:3    | Noticed Harold
 18112 | Orc:3    | Killed Harold
 18334 | Orc:3    | Found a flagged portal.
 18377 | Bailey   | Entered a bailey
 18533 | Bailey   | Received a gift from Okawaru
 19220 | Orc:2    | Found Esenaph's General Store.
 19227 | Orc:2    | Bought a potion of haste for 91 gold pieces
 19294 | Orc:4    | Entered Level 4 of the Orcish Mines
 19430 | Orc:4    | Found a roughly hewn altar of Beogh.
 19621 | Orc:4    | Found a labyrinth entrance.
 19638 | Lab      | Entered a labyrinth
 20886 | Lab      | Noticed a minotaur
 20892 | Lab      | Killed a minotaur
 20980 | Orc:4    | Reached skill level 20 in Axes
 20980 | Orc:4    | Reached XP level 14. HP: 121/135 MP: 23/23
 21218 | Orc:4    | Found a staircase to the Elven Halls.
 21356 | Orc:4    | Noticed an orc warlord
 21444 | Orc:4    | Killed an orc warlord
 22239 | Orc:4    | Paralysed by an orc sorcerer for 2 turns
 22279 | Orc:4    | Reached skill level 21 in Axes
 22817 | Orc:4    | Paralysed by an orc sorcerer for 2 turns
 22901 | Orc:4    | Found Utzeoci's Antique Armour Emporium.
 22902 | Orc:4    | Found Mnen's Antique Weapon Emporium.
 22903 | Orc:4    | Found Cha Fuah's General Store.
 22903 | Orc:4    | Found Frosty's Book Shoppe.
 23074 | Orc:4    | Bought a pair of runed gloves for 99 gold pieces
 23081 | Orc:4    | Bought a fine broad axe for 279 gold pieces
 23082 | Orc:4    | Identified the +5 broad axe of Armageddon {freeze, +Inv rF- rC+ Int+1} (You bought it in a shop on level 4 of the Orcish Mines)
 24236 | Lair:7   | Received a gift from Okawaru
 24993 | Lair:7   | Noticed Erica
 25645 | Lair:8   | Entered Level 8 of the Lair of Beasts
 25682 | Lair:8   | Reached skill level 22 in Axes
 26106 | Lair:8   | Found a staircase to the Slime Pits.
 26106 | Lair:8   | Found a viscous altar of Jiyva.
 26727 | Lair:8   | Reached XP level 15. HP: 141/141 MP: 24/24
 27677 | Lair:8   | Received a gift from Okawaru
 28222 | Lair:8   | Identified the Tome of the Snowflakes and Summoning (You found it on level 8 of the Lair of Beasts)
 28625 | D:10     | Entered Level 10 of the Dungeon
 29168 | D:10     | Noticed DaftWullie's ghost (powerful KoBe)
 29188 | D:10     | Killed DaftWullie's ghost
 29398 | D:10     | Found Wustoox's Assorted Antiques.
 30141 | D:11     | Found a blossoming altar of Fedhas.
 31442 | D:13     | Received a gift from Okawaru
 31941 | D:13     | Found a burning altar of Makhleb.
 32543 | D:13     | Found a gate to the Vaults.
 32923 | D:14     | Received a gift from Okawaru
 32980 | D:14     | Reached XP level 16. HP: 58/154 MP: 25/25
 33219 | D:14     | Reached skill level 23 in Axes
 33597 | D:14     | Noticed Nessos
 33622 | D:14     | Killed Nessos
 33835 | D:15     | Entered Level 15 of the Dungeon
 33921 | D:15     | Received a gift from Okawaru
 34580 | D:15     | Found a staircase to the Depths.
 34688 | D:15     | Found a glowing golden altar of the Shining One.
 34799 | Depths:1 | Entered Level 1 of the Depths
 34864 | Depths:1 | Found a one-way gate to the infinite horrors of the Abyss.
 35563 | Depths:1 | Received a gift from Okawaru
 35563 | Depths:1 | Reached skill level 24 in Axes
 36590 | Depths:1 | Reached XP level 17. HP: 106/166 MP: 25/25
 36939 | Depths:1 | Found a gateway to Hell.
 36976 | Depths:1 | HP: 6/166 [ice dragon/blast of cold (21)]
 38377 | Elf:1    | Entered Level 1 of the Elven Halls
 38935 | Elf:1    | Reached skill level 15 in Armour
 39058 | Elf:1    | Noticed Azrael
 39073 | Elf:1    | Killed Azrael
 39094 | Elf:1    | Noticed Aizul
 39117 | Elf:1    | Killed Aizul
 39232 | Elf:1    | Reached skill level 25 in Axes
 39618 | Elf:1    | Received a gift from Okawaru
 39619 | Elf:1    | Got an iridescent hand axe {god gift}
 39854 | Elf:1    | Identified the cursed +7 hand axe of the Scroll {venom, rC+ Str+2 Dex+2 Curse} (Okawaru gifted it to you on level 1 of the Elven Halls)
 40076 | Elf:2    | Found Daticask's Armour Emporium.
 40290 | Elf:2    | Found a deep blue altar of Sif Muna.
 40659 | Elf:3    | Entered Level 3 of the Elven Halls
 40809 | Elf:3    | Received a gift from Okawaru
 41610 | Elf:3    | Found a shimmering altar of Xom.
 41846 | Elf:3    | Reached XP level 18. HP: 149/172 MP: 26/26
 41936 | Elf:3    | Got a heavily runed golden ring
 42182 | Elf:3    | Found Sucih's Distillery.
 42186 | Elf:3    | Bought a potion of brilliance for 35 gold pieces
 42186 | Elf:3    | Bought a potion of cancellation for 77 gold pieces
 42186 | Elf:3    | Bought a potion of resistance for 98 gold pieces
 42186 | Elf:3    | Bought a potion of magic for 77 gold pieces
 42277 | Elf:3    | Got a slimy cloak
 42288 | Elf:3    | Identified the cursed -2 cloak of Patz {Dex-3 Int+3} (You found it on level 3 of the Elven Halls)
 42289 | Elf:3    | Identified the ring of Benuoh {Dex+1 Regen} (You took it off a deep elf death mage on level 3 of the Elven Halls)
 42553 | Elf:3    | Noticed a deep elf master archer
 42565 | Elf:3    | Killed a deep elf master archer
 42705 | Elf:3    | Noticed a deep elf blademaster
 42802 | Elf:3    | Killed a deep elf blademaster
 42802 | Elf:3    | Reached skill level 26 in Axes
 43373 | Elf:3    | Noticed a deep elf blademaster
 43385 | Elf:3    | Killed a deep elf blademaster
 43387 | Elf:3    | Received a gift from Okawaru
 43532 | Elf:3    | Noticed a deep elf master archer
 43555 | Elf:3    | Killed a deep elf master archer
 43790 | Elf:3    | Identified the Papyrus of Necromancy
 43817 | Elf:3    | Identified the Handbook of the Lucky Compass
 43854 | Elf:3    | Identified Sophisticated Thaumaturgy
 43916 | Elf:3    | Got a pair of jewelled boots
 43927 | Elf:3    | Identified the +0 pair of boots of Fidan {rF+ Dex+2} (You found it on level 3 of the Elven Halls)
 43996 | Elf:3    | Received a gift from Okawaru
 43997 | Elf:3    | Got a smoking shortbow {god gift}
 45089 | Depths:2 | Found a one-way gate leading to the halls of Pandemonium.
 45157 | Depths:2 | Received a gift from Okawaru
 46259 | Depths:1 | Reached XP level 19. HP: 165/179 MP: 27/27
 46699 | Depths:2 | Reached skill level 27 in Axes
 47157 | Depths:2 | Noticed a tentacled monstrosity
 47363 | Depths:2 | Killed a tentacled monstrosity
 48176 | Spider:1 | Entered Level 1 of the Spider Nest
 48715 | Spider:1 | Found a roughly hewn altar of Beogh.
 49250 | Spider:2 | Received a gift from Okawaru
 49253 | Spider:2 | Noticed Kirke
 49273 | Spider:2 | Killed Kirke
 49514 | Spider:2 | Noticed Arachne
 49532 | Spider:2 | Killed Arachne
 49534 | Spider:2 | Received a gift from Okawaru
 50901 | Spider:4 | Noticed Rupert
 50913 | Spider:4 | Killed Rupert
 50977 | Spider:4 | Noticed Jorgrun
 51001 | Spider:4 | Killed Jorgrun
 51072 | Spider:4 | Received a gift from Okawaru
 51187 | Spider:4 | Noticed Louise
 51210 | Spider:4 | Killed Louise
 51233 | Spider:4 | Received a gift from Okawaru
 51643 | Spider:5 | Entered Level 5 of the Spider Nest
 52031 | Spider:5 | Reached XP level 20. HP: 182/188 MP: 27/27
 52706 | Spider:5 | Received a gift from Okawaru
 53764 | Spider:5 | Got a gossamer rune of Zot
 53848 | Spider:2 | Noticed Snorg
 53868 | Spider:2 | Killed Snorg
 53987 | Lair:5   | Killed a 17-headed hydra
 54277 | Vaults:1 | Entered Level 1 of the Vaults
 54288 | Vaults:1 | Received a gift from Okawaru
 54289 | Vaults:1 | Got a brightly glowing great mace {god gift}
 54293 | Vaults:1 | Identified the +6 great mace of True Grit {crush, rF+} (Okawaru gifted it to you on level 1 of the Vaults)
 54664 | Vaults:1 | Identified a scroll of acquirement
 55258 | Vaults:2 | Received a gift from Okawaru
 55880 | Vaults:1 | Gained mutation: You are agile. (Dex +2) [potion of beneficial mutation]
 55972 | Vaults:1 | Reached XP level 21. HP: 175/198 MP: 28/28
 57617 | Vaults:3 | Noticed Norris
 57758 | Vaults:3 | Received a gift from Okawaru
 57759 | Vaults:3 | Got an iridescent executioner's axe {god gift}
 57805 | Vaults:2 | Identified the +5 executioner's axe of Xoerph {flame, rF++} (Okawaru gifted it to you on level 3 of the Vaults)
 58010 | Vaults:3 | Killed Norris
 58184 | Vaults:3 | Noticed Frederick
 58198 | Vaults:3 | Killed Frederick
 58356 | Vaults:3 | Received a gift from Okawaru
 58501 | Vaults:3 | Killed from afar by a frost giant

Action                   |  1- 3 |  4- 6 |  7- 9 | 10-12 | 13-15 | 16-18 | 19-21 || total
-------------------------+-------+-------+-------+-------+-------+-------+-------++-------
Melee: War axe           |   210 |   297 |   507 |   928 |  1120 |       |       ||  3062
       Battleaxe         |       |       |       |       |   823 |       |       ||   823
       Hand axe          |       |       |       |       |    12 |       |       ||    12
       Executioner's axe |       |       |       |       |       |  1060 |  1319 ||  2379
 Fire: Hunting sling     |       |       |    12 |       |       |       |       ||    12
Invok: Heroism           |       |       |       |       |     5 |     1 |     4 ||    10
       Finesse           |       |       |       |       |     1 |     1 |     1 ||     3
 Abil: Stop Flying       |       |       |       |       |     3 |       |       ||     3
       Evoke Flight      |       |       |       |       |     3 |       |       ||     3
Evoke: Wand              |       |       |       |     4 |    23 |     6 |     3 ||    36
  Use: Scroll            |       |       |    15 |     8 |    10 |     9 |    11 ||    53
       Potion            |       |       |     1 |       |     2 |     1 |    12 ||    16
 Stab: Held in net/web   |       |       |       |       |       |       |     1 ||     1
  Eat: Chunk             |     4 |     7 |    15 |    18 |    49 |    33 |    32 ||   158
       Fruit             |       |       |       |     2 |     6 |       |     4 ||    12
       Pizza             |       |       |       |       |     3 |     1 |     3 ||     7
       Beef jerky        |       |       |       |       |     2 |     5 |       ||     7
